Map: Dusk Towers

Players

Trizztein

  • Race: Terran Terran

A.I. 1 (Very Easy) - Winner!

  • Race: Zerg Zerg

VOD

Have the link to the VOD?

Description

Time

  • Played on: Jan. 3, 2016, 6:27 a.m.
  • Length: 9:46
Show
View Real Time Build Order
Export as new Build Order

Trizztein Terran 

Build Orders: Mech, Banshee Rush 

Get SALT Encoding   

  6  0:01  SCV  
  13  0:18  SCV  
  14  0:25  Supply Depot  
  14  0:35  SCV  
  15  0:55  SCV  
  15  0:58  Barracks  
  16  1:03  Refinery  
  16  1:12  SCV  
  17  1:29  SCV  
  18  1:46  SCV  
  19  2:04  Orbital Command  
  20  2:10  Reaper  
  20  2:25  Command Center  
  20  2:39  Supply Depot  
  20  2:41  SCV  
  21  2:50  Marine  
  21  2:56  Factory  
  21  2:58  SCV  
  23  3:15  SCV  
  23  3:16  Refinery  
  23  3:19  Barracks Reactor  
  24  3:28  Unknown  
  24  3:32  SCV  
  25  3:40  Unknown  
  25  3:55  SCV  
  26  4:03  Starport  
  26  4:09  Orbital Command  
  26  4:12  SCV  
  26  4:19  Hellion x2  
  31  4:28  SCV  
  32  4:36  Barracks Tech Lab  
  32  4:40  Supply Depot  
  32  4:45  SCV  
  32  4:49  SCV, Hellion x2  
  38  5:02  SCV  
  38  5:07  Cloaking Field  
  39  5:10  Banshee  
  39  5:11  SCV  
  39  5:19  SCV, Hellion  
  46  5:20  Barracks Tech Lab  
  46  5:28  SCV, Widow Mine  
  49  5:36  SCV  
  50  5:44  Supply Depot  
  50  5:45  SCV  
  50  5:48  Supply Depot  
  51  5:53  SCV  
  51  5:57  Widow Mine  
  54  6:14  SCV x2, Banshee  
  59  6:24  Command Center  
  59  6:31  SCV x2  
  59  6:34  Unknown  
  61  6:40  Widow Mine  
  61  6:41  Widow Mine  
  61  6:43  Refinery  
  61  6:44  Refinery  
  61  6:48  SCV  
  66  6:51  Supply Depot  
  66  6:53  Supply Depot  
  66  6:54  SCV  
  67  7:04  Unknown  
  67  7:05  SCV  
  68  7:11  SCV  
  69  7:21  Banshee  
  69  7:26  SCV  
  69  7:28  SCV  
  74  7:43  SCV  
  74  7:44  Factory  
  74  7:46  Factory  
  74  7:49  Armory  
  75  7:50  Engineering Bay  
  75  7:51  Armory  
  75  7:52  SCV  
  75  7:55  Supply Depot  
  76  8:00  SCV  
  76  8:09  SCV  
  78  8:10  Orbital Command  
  78  8:17  SCV  
  79  8:26  SCV  
  80  8:34  Starport Reactor  
  80  8:35  SCV  
  81  8:43  SCV  
  82  8:52  SCV  
  82  8:58  Orbital Command  
  83  9:02  Barracks Reactor  
  83  9:13  Terran Vehicle And Ship Armor Level 1  
  83  9:14  Infernal Pre-Igniter, Terran Vehicle Weapons Level 1  
  83  9:18  Siege Tank x2  
  83  9:19  Hellion x2  
  93  9:34  SCV x2  
  93  9:37  SCV  
  96  9:49  Hellion  
  101  9:51  SCV x2  
  101  9:55  SCV  
  107  10:04  Hellion, Refinery  
  109  10:10  Refinery  
  109  10:13  Supply Depot  
  109  10:14  Supply Depot  
  109  10:16  Supply Depot  
  109  10:18  SCV, Hellion x2  
  109  10:19  Hellion  
  116  10:22  Supply Depot  
  116  10:23  Supply Depot  
  116  10:33  SCV x2  
  116  10:34  Hellion  
  120  10:45  SCV  
  120  10:48  Hellion, Siege Tank, Unknown  
  126  10:54  Unknown  
  126  10:55  Medivac  
  126  10:59  SCV  
  132  11:01  SCV  
  132  11:05  Medivac  
  132  11:12  Supply Depot  
  132  11:19  Siege Tank  
  135  11:20  Supply Depot x2, Hellion  
  135  11:23  Supply Depot  
  135  11:28  Factory  
  137  11:33  Siege Tank  
  137  11:37  Factory  
  137  11:46  Barracks Tech Lab  
  137  12:00  Command Center  
  137  12:02  Command Center  
  137  12:05  Hellion x2  
  137  12:06  Hellion  
  143  12:16  Missile Turret  
  143  12:17  Siege Tank  
  149  12:23  Missile Turret  
  149  12:24  Missile Turret  
  149  12:35  Hellion  
  149  12:36  Siege Tank  
  154  12:53  Hellion  
  154  12:54  Hellion  
  154  12:55  Siege Tank x2  
  154  12:59  Barracks Tech Lab  
  161  13:03  Supply Depot  
  164  13:10  Unknown  
Show
View Real Time Build Order
Export as new Build Order

A.I. 1 (Very Easy) Zerg - Winner!

Build Orders: Pool First 

Get SALT Encoding   

  6  0:01  Drone  
  13  0:17  Overlord  
  13  0:24  Drone  
  14  0:49  Spawning Pool  
  13  0:52  Extractor  
  13  0:55  Drone  
  13  1:05  Drone  
  14  1:13  Overlord  
  14  1:55  Zergling x2  
  14  1:57  Queen  
  17  2:07  Roach Warren  
  16  2:12  Drone  
  16  2:19  Extractor  
  16  2:23  Drone  
  17  2:35  Zergling x2  
  18  2:49  Drone  
  19  3:00  Drone  
  20  3:12  Drone  
  20  3:15  Zergling x2  
  22  3:27  Overlord  
  22  3:31  Drone  
  22  3:45  Drone  
  23  3:55  Roach  
  23  3:56  Drone  
  25  4:35  Zergling x2  
  26  5:15  Zergling x2  
  27  5:58  Zergling x2  
  23  6:38  Roach  
  23  6:39  Queen  
  24  7:01  Drone  
  19  7:11  Drone  
  19  7:18  Roach  
  21  7:22  Drone  
  17  7:32  Drone  
  18  7:42  Drone  
  19  7:52  Drone  
  19  7:58  Roach  
  22  8:11  Drone  
  19  8:38  Zergling x2  
  19  8:39  Drone  
  19  8:57  Drone  
  20  9:07  Drone  
  21  9:17  Drone  
  21  9:18  Roach  
  24  9:44  Drone  
  25  9:54  Drone  
  25  9:58  Zergling x2  
  27  10:04  Drone  
  28  10:28  Drone  
  29  10:31  Overlord  
  29  10:38  Hatchery  
  29  10:39  Zergling x2  
  64  10:40  Drone  
  16  10:50  Drone  
  9  11:00  Drone  
  8  11:10  Drone  
  8  11:20  Drone  
  8  11:31  Zergling x2  
  4  11:40  Drone  
  1  12:18  Zergling x2  
  1  12:20  Lair  
  1  12:34  Drone  
  2  12:49  Drone  
  2  13:03  Zergling x2  
  3  13:19  Drone  
Tags
 
Composition
Mech
Matchup
TvZ
Opening
Pool First
Strategy
Banshee Rush
Add a new tag
Caveats
  • Supply blocks, unpowered buildings, or Contaminate may cause inaccurate times.
  • Supply counts are checked every 10 seconds.